 Dungeon Crawl Stone Soup version 0.20-a0-795-ga03948b (webtiles) character file.

112 Doomer the Grave Robber (level 4, 0/32 HPs)
             Began as a Mummy Necromancer on Mar 1, 2017.
             Slain by a gnoll
             ... wielding a +0 spear
              (7 damage)
             ... on level 3 of the Dungeon.
             The game lasted 00:13:14 (2220 turns).

Doomer the Grave Robber (Mummy Necromancer)         Turns: 2220, Time: 00:13:15

Health: 0/32       AC:  4    Str: 12    XL:     4   Next: 64%
Magic:  8/10       EV: 11    Int: 14    God:
Gold:   112        SH:  5    Dex: 12    Spells: 6/11 levels left

rFire    x . .     SeeInvis .   c - +0 hand axe
rCold    + . .     Gourm    .   a - +0 robe
rNeg     + + +     Faith    .   k - +2 buckler
rPois    ∞         Spirit   .   (no helmet)
rElec    .         Reflect  .   (no cloak)
rCorr    .         Harm     .   (no gloves)
MR       .....                  (no boots)
Stlth    ++........             (no amulet)
Regen    0.1/turn               (no ring)
MPRegen  0.2/turn               i - +2 ring of protection

@: no status effects
A: no food or potions, fire vulnerability, cold resistance 1, negative energy
resistance 3, torment resistance, unbreathing
a: no special abilities


You were on level 3 of the Dungeon.
You were not hungry.

You visited 1 branch of the dungeon, and saw 3 of its levels.

You collected 112 gold pieces.

Inventory:

Hand Weapons
 c - a +0 hand axe (weapon)
 d - a +2 trident of protection
 m - a +2 spear of piercing
Missiles
 f - 3 tomahawks (quivered)
Armour
 a - a +0 robe (worn)
 k - a +2 buckler (worn)
Jewellery
 i - a +2 ring of protection (left hand)
Wands
 j - a wand of lightning (5/15)
Scrolls
 e - 2 scrolls of fear
 g - a scroll of immolation {unknown}
 h - 2 scrolls of remove curse
 l - a scroll of fog {unknown}
Books
 b - a book of Necromancy

   Spells                             Type                      Level
   a - Pain                           Necromancy                   1
   b - Animate Skeleton               Necromancy                   1
   c - Vampiric Draining              Necromancy                   3
   d - Regeneration                   Charms/Necromancy            3
   e - Animate Dead                   Necromancy                   4
   f - Control Undead                 Necromancy                   4


   Skills:
 + Level 1.0 Fighting
 + Level 1.1 Axes
 + Level 0.2 Throwing
 + Level 1.6 Dodging
 + Level 1.7 Stealth
 + Level 4.1 Spellcasting
 + Level 4.8 Necromancy


You had 6 spell levels left.
You knew the following spells:

 Your Spells              Type           Power        Failure   Level  Hunger
a - Pain                  Necr           ###.         6%          1    N/A
b - Animate Skeleton      Necr           N/A          6%          1    N/A
c - Vampiric Draining     Necr           ###.......   17%         3    N/A

Dungeon Overview and Level Annotations

Branches:
Dungeon (3/15)

Altars:


Innate Abilities, Weirdness & Mutations

You do not eat or drink.
Your flesh is vulnerable to fire.
You are immune to poison.
Your flesh is cold resistant. (rC+)
You are immune to negative energy. (rN+++)
You are immune to unholy pain and torment.
You can survive without breathing.


Message History

Aim: a gnoll, wielding a spear (lightly wounded, chance to defeat MR: 81%)
The gnoll writhes in agony!
The gnoll hits you from afar with a spear.
Throwing (i - inventory):
f - 5 tomahawks (quivered)
Press: ? - help, Shift-Dir - straight line, f/p - gnoll
Aim: a gnoll, wielding a spear (moderately wounded)
You throw a tomahawk. The tomahawk hits the gnoll.
The gnoll is moderately wounded.
The gnoll hits you from afar with a spear.
Throwing (i - inventory):
f - 4 tomahawks (quivered)
Press: ? - help, Shift-Dir - straight line, f/p - gnoll
Aim: a gnoll, wielding a spear (moderately wounded)
You throw a tomahawk. The tomahawk barely misses the gnoll.
The tomahawk hits the gnoll.
The gnoll is lightly wounded.
The gnoll hits you from afar with a spear.
* * * LOW HITPOINT WARNING * * *
A worm comes into view.
The gnoll hits you from afar with a spear!
You die...

###########
#.........#
#...w.....#
#.....g...#
#g# #@# #.#
#.# #.# #.#
#.# #.#
#.## #..#


You could see a worm (wandering) and 2 gnolls.

Vanquished Creatures
  4 gnolls
  3 adders
  An ooze (D:2)
  A worm (D:2)
  A dart slug (D:1)
  A giant cockroach (D:2)
  5 goblins (D:1)
  2 hobgoblins
  A jackal (D:1)
  4 bats
  4 frilled lizards (D:1)
  6 kobolds (D:1)
  3 rats
36 creatures vanquished.

Vanquished Creatures (collateral kills)
  A dart slug (D:1)
  A leopard gecko (D:2)
  A giant cockroach (D:1)
  A goblin (D:2)
  A hobgoblin (D:2)
  2 frilled lizards
  2 kobolds (D:1)
9 creatures vanquished.

Grand Total: 45 creatures vanquished

Notes
Turn   | Place    | Note
-------+----------+-------------------------------------------
     0 | D:1      | Doomer the Mummy Necromancer began the quest for the Orb.
     0 | D:1      | Reached XP level 1. HP: 13/13 MP: 4/4
     2 | D:1      | Learned a level 1 spell: Animate Skeleton
   473 | D:1      | Reached XP level 2. HP: 19/19 MP: 2/5
  1232 | D:2      | Reached XP level 3. HP: 25/25 MP: 4/7
  1328 | D:2      | Learned a level 3 spell: Vampiric Draining
  1604 | D:2      | You fall through a shaft!
  1653 | D:3      | Reached skill level 1 in Axes
  1703 | D:2      | Reached XP level 4. HP: 27/31 MP: 4/9
  2018 | D:2      | Reached skill level 1 in Fighting
  2220 | D:3      | Slain by a gnoll

Vault maps used:
D:1:      elethiomel_arrival_fortress_basement, minmay_unequal
D:2:      lemuel_upstairs_altar
D:3:      serial_bayou_lagoon_a

Skill      XL: |  1  2  3  4 |
---------------+-------------+-----
Spellcasting   | 3 4 |  4.1
Axes           | 1 |  1.1
Fighting       | 1 |  1.0
Throwing       | |  0.2
Dodging        | |  1.6
Stealth        | |  1.7
Necromancy     | |  4.8

Action                   |  1- 3 |  4- 6 || total
-------------------------+-------+-------++-------
Melee: Hand axe          |    45 |    22 ||    67
Throw: Tomahawk          |    17 |     8 ||    25
 Cast: Pain              |    34 |     6 ||    40
       Animate Skeleton  |    16 |     3 ||    19
       Vampiric Draining |     2 |     1 ||     3
  Use: Scroll            |     3 |       ||     3
 Stab: Sleeping          |     1 |       ||     1
Armor: Robe              |    14 |       ||    14
Dodge: Dodged            |    33 |    13 ||    46
Block: Buckler           |     6 |     5 ||    11
